 Dungeon Crawl Stone Soup version 0.18.1-48-g4cf74bf (webtiles) character file.

540 inmateoo the Cutter (level 7, -7/45 HPs)
             Began as a High Elf Wanderer on Sept 8, 2016.
             Was a Follower of Okawaru.
             Mangled by an ogre
             ... wielding a +0 giant club
              (10 damage)
             ... on level 5 of the Dungeon.
             The game lasted 00:08:11 (5111 turns).

inmateoo the Cutter (High Elf Wanderer)             Turns: 5111, Time: 00:08:12

Health: -7/45      AC:  9    Str: 13    XL:     7   Next: 5%
Magic:  8/8        EV:  8    Int: 15    God:    Okawaru [*.....]
Gold:   157        SH:  8    Dex: 16    Spells: 0 memorised, 6 levels left

rFire  . . .     SeeInvis .     t - +0 falchion
rCold  . . .     Gourm    .     a - +2 scale mail
rNeg   . . .     Faith    .     j - +0 shield
rPois  .         Spirit   .     (no helmet)
rElec  .         Dismiss  .     (no cloak)
rCorr  .         Reflect  .     n - +0 pair of gloves
SustAt .         Harm     .     (no boots)
MR     .....                    g - amulet of regeneration
Stlth  ..........               (no ring)
                                (no ring)

@: not resistant to hostile enchantments, extremely unstealthy
A: no striking features
a: Heroism, Renounce Religion


You were on level 5 of the Dungeon.
You worshipped Okawaru.
Okawaru was aware of your devotion.
You were not hungry.

You visited 2 branches of the dungeon, and saw 6 of its levels.
You also visited: Ossuary.

You collected 157 gold pieces.

Inventory:

Hand Weapons
 i - a +0 short sword
 t - a +0 falchion (weapon)
Armour
 a - a +2 scale mail (worn)
 j - a +0 shield (worn)
 n - a +0 pair of gloves (worn)
Jewellery
 g - an amulet of regeneration (around neck)
Scrolls
 c - 2 scrolls of teleportation
 d - a scroll of amnesia
 k - a scroll of blinking
 l - a scroll of remove curse
 o - a scroll of recharging
Potions
 e - a potion of brilliance {unknown}
 m - a potion of curing
 q - a potion of degeneration {unknown}
 r - 2 potions of ambrosia {unknown}
Books
 b - the Guide on Fire

   Spells                             Type                      Level
   a - Flame Tongue                   Conjuration/Fire             1
   b - Conjure Flame                  Conjuration/Fire             3
Comestibles
 f - 2 bread rations
 h - a meat ration
 p - a slice of pizza
 s - a chunk of flesh


   Skills:
 - Level 2.8 Fighting
 - Level 5.2(5.3) Short Blades
 * Level 0.8(3.3) Long Blades
   Level 2.6 Bows
 - Level 3.1 Armour
 - Level 3.1 Dodging
 - Level 1.1 Stealth
 - Level 2.5 Shields
   Level 3.0 Hexes


You had 6 spell levels left.
You didn't know any spells.

Dungeon Overview and Level Annotations

Branches:
Dungeon (5/15)             Temple (1/1) D:4

Altars:
Ashenzari
Cheibriados
Dithmenos
Fedhas
Gozag
Kikubaaqudgha
Nemelex Xobeh
Okawaru
Pakellas
Qazlal
Ru
Trog
Vehumet
Xom
Yredelemnul
Zin

Annotations:
D:3 Sigmund


Message History

As you read the scroll labeled NOS BYSCHUMI, it crumbles to dust.
You assume a fearsome visage.
The ogre looks frightened!
It was a scroll of fear.
Unknown command.
You start resting.
HP restored.
You barely miss the ogre. The ogre hits you with a giant club!!
Ouch! That really hurt!
You hit the ogre but do no damage. You block the ogre's attack.
You hit the ogre.
The ogre is lightly wounded.
The ogre hits you with a giant club!
You hit the ogre but do no damage.
The ogre is lightly wounded.
The ogre hits you with a giant club!
* * * LOW HITPOINT WARNING * * *
You hit the ogre.
The ogre is lightly wounded.
The ogre hits you with a giant club!
You die...

..# #.# #####'#####
####......###########
...#......'.........#
...#......#########.#
...#....#.# #### #.#
...#.....)# ... #.#
)..'....###
#.###.#######. .
...#....#
#.@O........'. ...
...#....#
#####.#######.....
...#....##
#..#...........
####.....#
#....###....#'# #
#.....# ###### ....#
# #####.## ....# #.<#
..#.# #### ......
<..##.#


You could see an ogre.

Vanquished Creatures
  A phantom (D:4)
  An elf zombie (Ossuary)
  A centaur zombie (Ossuary)
  An orc priest (D:3)
  A human zombie (Ossuary)
  2 iguanas (D:4)
  2 worker ants
  2 mummies (Ossuary)
  3 adders
  An adder zombie (Ossuary)
  An adder skeleton (D:4)
  4 dart slugs
  4 giant geckos
  6 orcs
  9 bats
  4 giant cockroaches
  9 goblins
  9 hobgoblins
  5 jackals (D:4)
  9 kobolds
  5 quokkas
  2 ball pythons
  6 giant newts
  2 goblin zombies (Ossuary)
  12 hobgoblin zombies (Ossuary)
  2 jackal zombies (Ossuary)
  10 kobold zombies (Ossuary)
  6 orc zombies (Ossuary)
  4 rats
  A rat zombie (Ossuary)
125 creatures vanquished.

Notes
Turn   | Place    | Note
--------------------------------------------------------------
     0 | D:1      | inmateoo the High Elf Wanderer began the quest for the Orb.
     0 | D:1      | inmateoo set off with: a +2 scale mail, the Guide on Fire, a scroll of teleportation, a +0 dagger, a bread ration
     0 | D:1      | Reached XP level 1. HP: 13/13 MP: 2/2
    82 | D:1      | Reached skill level 1 in Dodging
   123 | D:1      | Reached XP level 2. HP: 5/18 MP: 3/3
   378 | D:1      | Reached skill level 1 in Short Blades
  1211 | D:1      | Reached XP level 3. HP: 23/23 MP: 4/4
  1571 | D:2      | Reached skill level 2 in Short Blades
  1712 | D:2      | Found an oddly glowing altar of Pakellas.
  2018 | D:2      | Reached XP level 4. HP: 17/28 MP: 5/5
  2527 | D:3      | Noticed Sigmund
  2546 | D:3      | Reached skill level 3 in Short Blades
  2995 | D:3      | Reached XP level 5. HP: 16/34 MP: 6/6
  3296 | D:4      | Found a staircase to the Ecumenical Temple.
  3304 | Temple   | Entered the Ecumenical Temple
  3329 | Temple   | Became a worshipper of Warmaster Okawaru
  3531 | D:4      | Reached skill level 4 in Short Blades
  3752 | D:4      | Found a sand-covered staircase.
  3757 | Ossuary  | Entered an ossuary
  4202 | Ossuary  | Reached XP level 6. HP: 41/41 MP: 7/7
  4520 | D:4      | Noticed a wyvern
  4726 | D:4      | Reached * piety under Okawaru
  4726 | D:4      | Reached skill level 5 in Short Blades
  4808 | D:4      | Reached XP level 7. HP: 45/45 MP: 8/8
  4847 | D:5      | Entered Level 5 of the Dungeon
  5110 | D:5      | HP: 2/45 [ogre/giant club (13)]
  5111 | D:5      | Mangled by an ogre

Skill      XL: |  1  2  3  4  5  6  7 |
---------------+----------------------+-----
Dodging        | 1 2 3 |  3.1
Short Blades   | 1 2 3 4 5 |  5.2
Armour         | 2 3 |  3.1
Fighting       | 2 |  2.8
Shields        | 2 |  2.5
Long Blades    | |  0.8
Bows           | |  2.6
Stealth        | |  1.1
Hexes          | |  3.0

Action                   |  1- 3 |  4- 6 |  7- 9 || total
-------------------------+-------+-------+-------++-------
Melee: Dagger            |    67 |       |       ||    67
       Short sword       |   177 |   552 |    17 ||   746
       Falchion          |       |       |    24 ||    24
  Use: Potion            |       |     4 |       ||     4
       Scroll            |       |     7 |     3 ||    10
  Eat: Chunk             |     4 |     8 |     2 ||    14
       Beef jerky        |       |     1 |       ||     1
Armor: Scale mail        |   122 |   235 |    11 ||   368
Dodge: Dodged            |    82 |   144 |    14 ||   240
Block: Shield            |    65 |   228 |    15 ||   308
